[Event "26th OIBM 2023"]
[Site "Gmund am Tegernsee"]
[Date "2023.11.03"]
[Round "7.13"]
[White "Garner, Isaac"]
[Black "Meins, Gerlef"]
[Result "1/2-1/2"]
[ECO "E14"]
[WhiteElo "2309"]
[BlackElo "2412"]
[Annotator "RC"]
[PlyCount "73"]
[EventDate "2023.10.04"]
[EventType "swiss"]
[EventCountry "GER"]
[SourceTitle "playchess.com"]
[Source "ChessBase"]
[SourceQuality "1"]
[TimeControl "40/5400+30:1800+30"]

1. d4 Nf6 2. Nf3 e6 3. c4 Bb4+ 4. Nbd2 b6 5. a3 Bxd2+ 6. Qxd2 Bb7 7. e3 d6 8. Be2 Nbd7 9. O-O O-O 10. b4 c5 11. Bb2 Qe7 12. Rfd1 Rfd8 13. dxc5 dxc5 14. Qd6 Qxd6 15. Rxd6 Ne4 16. Rd3 Nf8 17. Ne5 f6 18. Rad1 Rxd3 19. Nxd3 cxb4 20. axb4 e5 21. f3 Ng5 22. f4 exf4 23. exf4 Ne4 24. Nf2 Re8 25. Ra1 Nd6 26. Bd3 Ne6 27. g3 a6 28. Rd1 Bf3 29. Re1 b5 30. c5 Nc4 31. Bc3 Nc7 32. Rxe8+ Nxe8 33. Ne4 Nc7 34. Kf2 Bh1 35. Kg1 Bf3 36. Kf2 Bh1 37. Kg1 1/2-1/2

[Event "26th OIBM 2023"]
[Site "Gmund am Tegernsee"]
[Date "2023.11.03"]
[Round "7.14"]
[White "Weishaeutel, Moritz"]
[Black "Ciolek, Andreas"]
[Result "0-1"]
[ECO "D01"]
[WhiteElo "2403"]
[BlackElo "2215"]
[Annotator "RC"]
[PlyCount "82"]
[EventDate "2023.10.04"]
[EventType "swiss"]
[EventCountry "GER"]
[SourceTitle "playchess.com"]
[Source "ChessBase"]
[SourceQuality "1"]
[TimeControl "40/5400+30:1800+30"]

1. d4 d5 2. Nc3 Nf6 3. Bf4 g6 4. Qd2 Bg7 5. Bh6 Bxh6 6. Qxh6 c5 7. dxc5 Nc6 8. Nf3 Qa5 9. e3 Bg4 10. Nd4 Qxc5 11. Nxc6 bxc6 12. Bd3 Rb8 13. O-O Qd6 14. e4 Rxb2 15. exd5 cxd5 16. Nb5 Qb6 17. Rfe1 Bd7 18. a4 a5 19. h3 Bf5 20. Bxf5 gxf5 21. Re2 Rb4 22. Re5 Rg8 23. Rxf5 Rg6 24. Qd2 Kf8 25. c3 Re4 26. Nd4 e6 27. Rf3 Nd7 28. Rd1 Ne5 29. Rg3 Nc4 30. Qd3 Nb2 31. Qb1 Rxg3 32. fxg3 e5 33. Rd2 Nxa4 34. Qxb6 Nxb6 35. Nc6 a4 36. Nb4 d4 37. Na2 Nc4 38. Rd1 Re2 39. Nc1 Rc2 40. cxd4 exd4 41. Nd3 Ne3 0-1

[Event "26th OIBM 2023"]
[Site "Gmund am Tegernsee"]
[Date "2023.11.03"]
[Round "7.15"]
[White "Kargin, Arseny"]
[Black "Khrapko, Marharyta"]
[Result "1-0"]
[ECO "B45"]
[WhiteElo "2391"]
[BlackElo "2170"]
[Annotator "RC"]
[PlyCount "47"]
[EventDate "2023.10.04"]
[EventType "swiss"]
[EventCountry "GER"]
[SourceTitle "playchess.com"]
[Source "ChessBase"]
[SourceQuality "1"]
[TimeControl "40/5400+30:1800+30"]

1. e4 c5 2. Nf3 e6 3. d4 cxd4 4. Nxd4 Nf6 5. Nc3 Nc6 6. Nxc6 bxc6 7. e5 Nd5 8. Ne4 Qc7 9. f4 Qb6 10. c4 Ne3 11. Qd3 Bb4+ 12. Bd2 Ba6 13. Bxb4 Qxb4+ 14. Kf2 Qxb2+ 15. Be2 Nf5 16. Rab1 Qd4+ 17. Qxd4 Nxd4 18. Bd3 Ke7 19. g4 c5 20. Nxc5 Bxc4 21. Bxc4 Rhc8 22. Rhd1 Nc2 23. Rxd7+ Kf8 24. Rbb7 1-0

[Event "26th OIBM 2023"]
[Site "Gmund am Tegernsee"]
[Date "2023.11.03"]
[Round "7.16"]
[White "Solomon, Kenny"]
[Black "Manish Anto Cristiano F"]
[Result "1/2-1/2"]
[ECO "C88"]
[WhiteElo "2300"]
[BlackElo "2368"]
[Annotator "RC"]
[PlyCount "95"]
[EventDate "2023.10.04"]
[EventType "swiss"]
[EventCountry "GER"]
[SourceTitle "playchess.com"]
[Source "ChessBase"]
[SourceQuality "1"]
[TimeControl "40/5400+30:1800+30"]

1. e4 e5 2. Nf3 Nc6 3. Bb5 a6 4. Ba4 Nf6 5. O-O Be7 6. Re1 b5 7. Bb3 O-O 8. a4 b4 9. d4 d6 10. dxe5 Nxe5 11. Bf4 Nxf3+ 12. Qxf3 Bg4 13. Qd3 Be6 14. Nd2 Nd7 15. Be3 Bf6 16. Rab1 Ne5 17. Qe2 Bxb3 18. cxb3 Re8 19. f4 Ng6 20. Qd3 Qc8 21. h3 Qb7 22. g3 Rad8 23. Bf2 Nf8 24. Nc4 Ne6 25. Na5 Qa8 26. Qd5 c5 27. Qxa8 Rxa8 28. Nb7 Nd4 29. Bxd4 Bxd4+ 30. Kg2 Re6 31. f5 Rh6 32. Na5 Kf8 33. Nc4 Rd8 34. Nb6 g6 35. Nd5 Re8 36. g4 Rh4 37. Re2 h5 38. fxg6 hxg4 39. Kg3 Rxh3+ 40. Kxg4 Rh6 41. gxf7 Kxf7 42. Rf1+ Kg7 43. Rf5 Rh1 44. Nf4 Kh6 45. Rf7 Re5 46. Rf6+ Kh7 47. Rxd6 Rg1+ 48. Ng2 1/2-1/2

[Event "26th OIBM 2023"]
[Site "Gmund am Tegernsee"]
[Date "2023.11.03"]
[Round "7.17"]
[White "Raupp, Thomas"]
[Black "Zawadzka, Jolanta"]
[Result "0-1"]
[ECO "E73"]
[WhiteElo "2239"]
[BlackElo "2342"]
[Annotator "RC"]
[PlyCount "52"]
[EventDate "2023.10.04"]
[EventType "swiss"]
[EventCountry "GER"]
[SourceTitle "playchess.com"]
[Source "ChessBase"]
[SourceQuality "1"]
[TimeControl "40/5400+30:1800+30"]

1. d4 Nf6 2. c4 g6 3. Nc3 Bg7 4. e4 d6 5. Be2 O-O 6. Be3 e5 7. d5 a5 8. g4 Na6 9. g5 Ne8 10. h4 f5 11. gxf6 Nxf6 12. h5 Nc5 13. hxg6 Ncxe4 14. Nxe4 Nxe4 15. gxh7+ Kh8 16. Bg4 Qf6 17. Nh3 Bh6 18. Bxh6 Qxh6 19. Bxc8 Raxc8 20. Qe2 Ng5 21. Qe3 Nf3+ 22. Kf1 Qh4 23. Rc1 Rf5 24. Rc3 Rcf8 25. b3 Rh5 26. Qe2 Qg4 0-1

[Event "26th OIBM 2023"]
[Site "Gmund am Tegernsee"]
[Date "2023.11.03"]
[Round "7.18"]
[White "Imnadze, Nato"]
[Black "Dolzhykova, Kateryna"]
[Result "1-0"]
[ECO "D02"]
[WhiteElo "2207"]
[BlackElo "2336"]
[Annotator "RC"]
[PlyCount "75"]
[EventDate "2023.10.04"]
[EventType "swiss"]
[EventCountry "GER"]
[SourceTitle "playchess.com"]
[Source "ChessBase"]
[SourceQuality "1"]
[TimeControl "40/5400+30:1800+30"]

1. d4 c6 2. Nf3 d5 3. Bf4 Nf6 4. c3 h6 5. e3 g5 6. Be5 Nbd7 7. Bd3 g4 8. Bxf6 Nxf6 9. Ne5 Rg8 10. Nd2 Qb6 11. O-O Nd7 12. f4 h5 13. Qc2 Bh6 14. Kh1 Nf8 15. c4 f6 16. Ng6 Be6 17. Nxf8 Kxf8 18. Nb3 Kf7 19. Nc5 Bc8 20. cxd5 cxd5 21. e4 g3 22. e5 gxh2 23. Rae1 Bg4 24. Bh7 f5 25. Bxf5 Kg7 26. Bxg4 hxg4 27. e6 Rac8 28. Qf5 Qxb2 29. Qe5+ Kh7 30. Qxd5 Rcd8 31. Qe4+ Kh8 32. Nd7 Qxa2 33. Qe5+ Rg7 34. Qf5 Kg8 35. Rc1 Qe2 36. Ne5 Rh7 37. Qg6+ Bg7 38. Qf7+ 1-0

[Event "26th OIBM 2023"]
[Site "Gmund am Tegernsee"]
[Date "2023.11.03"]
[Round "7.19"]
[White "Nguyen, Alex Dac-Vuong"]
[Black "Basener, Winfried"]
[Result "1-0"]
[ECO "C06"]
[WhiteElo "2333"]
[BlackElo "1941"]
[Annotator "RC"]
[PlyCount "107"]
[EventDate "2023.10.04"]
[EventType "swiss"]
[EventCountry "GER"]
[SourceTitle "playchess.com"]
[Source "ChessBase"]
[SourceQuality "1"]
[TimeControl "40/5400+30:1800+30"]

1. e4 e6 2. d4 d5 3. Nd2 Nf6 4. e5 Nfd7 5. c3 c5 6. Bd3 Nc6 7. Ne2 cxd4 8. cxd4 f6 9. exf6 Nxf6 10. O-O Bd6 11. Nf3 Qc7 12. Bg5 O-O 13. Bh4 Nh5 14. Rc1 Rxf3 15. gxf3 Bxh2+ 16. Kg2 Bd6 17. Rh1 g6 18. Bg3 Nxg3 19. fxg3 Qf7 20. f4 Qf6 21. Qd2 Bd7 22. Bb5 Rf8 23. Ng1 Nb8 24. Bxd7 Nxd7 25. Nf3 Re8 26. Ng5 Nf8 27. Rce1 Rc8 28. Re3 Qf5 29. Rc1 Rxc1 30. Qxc1 h6 31. Nf3 h5 32. Re1 g5 33. Nxg5 h4 34. Nf3 hxg3 35. Ne5 Ng6 36. Nxg6 Qxg6 37. Qc8+ Kf7 38. Qd7+ Be7 39. f5 Qh6 40. Qxe6+ Qxe6 41. fxe6+ Ke8 42. Re5 Bf6 43. Rxd5 Ke7 44. Rd7+ Kxe6 45. Rxb7 Bxd4 46. Kxg3 Kd6 47. Kf3 Kc6 48. Rb3 Bb6 49. Ke4 a5 50. Kd3 a4 51. Rxb6+ Kxb6 52. Kc4 a3 53. b3 Ka5 54. Kc5 1-0

[Event "26th OIBM 2023"]
[Site "Gmund am Tegernsee"]
[Date "2023.11.03"]
[Round "7.20"]
[White "Ammon, Tobias"]
[Black "Kulon, Klaudia"]
[Result "1-0"]
[ECO "B22"]
[WhiteElo "2145"]
[BlackElo "2319"]
[Annotator "RC"]
[PlyCount "53"]
[EventDate "2023.10.04"]
[EventType "swiss"]
[EventCountry "GER"]
[SourceTitle "playchess.com"]
[Source "ChessBase"]
[SourceQuality "1"]
[TimeControl "40/5400+30:1800+30"]

1. e4 c5 2. c3 Nf6 3. e5 Nd5 4. Nf3 Nc6 5. d4 cxd4 6. cxd4 d6 7. Bc4 Nb6 8. Bb5 dxe5 9. Nxe5 Bd7 10. Nxd7 Qxd7 11. Nc3 a6 12. Bxc6 Qxc6 13. d5 Qc7 14. O-O Rd8 15. Qf3 Qc4 16. Rd1 e5 17. Bg5 Rd7 18. Rac1 Qb4 19. Ne4 h6 20. Bf6 gxf6 21. Nxf6+ Kd8 22. Nxd7 Nxd7 23. d6 f6 24. Qd5 Rh7 25. Qe6 b6 26. Rc6 h5 27. Rdc1 1-0

[Event "26th OIBM 2023"]
[Site "Gmund am Tegernsee"]
[Date "2023.11.03"]
[Round "7.21"]
[White "Gallego Alcaraz, Andres Felipe"]
[Black "Lerchl, Clemens"]
[Result "1-0"]
[ECO "A57"]
[WhiteElo "2495"]
[BlackElo "1850"]
[Annotator "RC"]
[PlyCount "57"]
[EventDate "2023.10.04"]
[EventType "swiss"]
[EventCountry "GER"]
[SourceTitle "playchess.com"]
[Source "ChessBase"]
[SourceQuality "1"]
[TimeControl "40/5400+30:1800+30"]

1. d4 Nf6 2. c4 c5 3. d5 b5 4. Qc2 bxc4 5. e4 d6 6. Bxc4 g6 7. Nf3 Bg7 8. O-O O-O 9. h3 Nbd7 10. Bd2 Nb6 11. Na3 Rb8 12. Rfe1 Ne8 13. Ba5 Nc7 14. Rab1 Ba6 15. b3 Qc8 16. Nd2 Qd7 17. Bc3 Bxc3 18. Qxc3 Nxc4 19. bxc4 Qa4 20. e5 Rxb1 21. Rxb1 dxe5 22. Qe3 Rc8 23. Rb3 Qa5 24. h4 h5 25. Nf3 Ne8 26. Nxe5 Nd6 27. Nc6 Rxc6 28. dxc6 Qc7 29. Qxc5 1-0

[Event "26th OIBM 2023"]
[Site "Gmund am Tegernsee"]
[Date "2023.11.03"]
[Round "7.22"]
[White "Meissner, Felix"]
[Black "Manukonda Arun"]
[Result "1-0"]
[ECO "B50"]
[WhiteElo "2382"]
[BlackElo "2143"]
[Annotator "RC"]
[PlyCount "65"]
[EventDate "2023.10.04"]
[EventType "swiss"]
[EventCountry "GER"]
[SourceTitle "playchess.com"]
[Source "ChessBase"]
[SourceQuality "1"]
[TimeControl "40/5400+30:1800+30"]

1. e4 c5 2. Nf3 d6 3. c3 Nf6 4. h3 Nc6 5. Bd3 g6 6. O-O Bg7 7. Bc2 O-O 8. d4 cxd4 9. cxd4 d5 10. e5 Ne4 11. Re1 Nb4 12. Bb3 e6 13. a3 Nc6 14. Bc2 f6 15. exf6 Bxf6 16. Bxe4 dxe4 17. Rxe4 a5 18. Nc3 Ra6 19. Bh6 Rf7 20. Ne5 Nxe5 21. dxe5 Be7 22. Rd4 Qe8 23. Ne4 Rf5 24. Nf6+ Rxf6 25. exf6 Bxf6 26. Rd2 Rc6 27. Qf3 e5 28. Rad1 Bf5 29. Qb3+ Re6 30. Qxb7 Re7 31. Qd5+ Be6 32. Qxa5 Rd7 33. Qb5 1-0

[Event "26th OIBM 2023"]
[Site "Gmund am Tegernsee"]
[Date "2023.11.03"]
[Round "7.23"]
[White "Womacka, Mathias"]
[Black "Arnhold, Steffi"]
[Result "0-1"]
[ECO "B41"]
[WhiteElo "2371"]
[BlackElo "2142"]
[Annotator "RC"]
[PlyCount "88"]
[EventDate "2023.10.04"]
[EventType "swiss"]
[EventCountry "GER"]
[SourceTitle "playchess.com"]
[Source "ChessBase"]
[SourceQuality "1"]
[TimeControl "40/5400+30:1800+30"]

1. e4 c5 2. Nf3 e6 3. d4 cxd4 4. Nxd4 a6 5. c4 Qc7 6. Nc3 Nf6 7. Be2 d6 8. O-O Be7 9. Be3 Nbd7 10. Qd2 b6 11. f3 Bb7 12. Rfc1 O-O 13. a4 Kh8 14. a5 Rg8 15. axb6 Nxb6 16. Nb3 Rad8 17. Nd5 Nbxd5 18. cxd5 Qd7 19. Na5 exd5 20. Nxb7 Qxb7 21. Bxa6 Qb8 22. exd5 Nd7 23. b4 Bf6 24. Ra5 Rge8 25. Bb5 h6 26. Ba7 Qb7 27. Bc6 Qc7 28. Bf2 Re7 29. Ra7 Qb8 30. Rb7 Qc8 31. b5 Nc5 32. Rxe7 Bxe7 33. Bd4 Bg5 34. f4 Nb3 35. Qe3 Nxc1 36. fxg5 Qg4 37. Bxg7+ Kxg7 38. gxh6+ Kh7 39. Qxc1 Qd4+ 40. Kh1 Rg8 41. h3 Rg3 42. Qg1 Qe4 43. Qh2 Rb3 44. Qxd6 Rxh3+ 0-1

[Event "26th OIBM 2023"]
[Site "Gmund am Tegernsee"]
[Date "2023.11.03"]
[Round "7.24"]
[White "de Francesco, Klaus"]
[Black "Weber, Ulrich"]
[Result "1-0"]
[ECO "B07"]
[WhiteElo "2140"]
[BlackElo "2349"]
[Annotator "RC"]
[PlyCount "73"]
[EventDate "2023.10.04"]
[EventType "swiss"]
[EventCountry "GER"]
[SourceTitle "playchess.com"]
[Source "ChessBase"]
[SourceQuality "1"]
[TimeControl "40/5400+30:1800+30"]

1. e4 c5 2. c3 d6 3. d4 Nf6 4. Bd3 g6 5. h3 Bg7 6. Nf3 O-O 7. O-O Qc7 8. Re1 Nfd7 9. a4 Nc6 10. Bf1 Re8 11. Na3 a6 12. Nc4 Nb6 13. dxc5 dxc5 14. Be3 Nxc4 15. Bxc4 Na5 16. Ba2 c4 17. e5 Rd8 18. Qe2 Bf5 19. Bd4 b5 20. Qe3 Rdb8 21. g4 Bc8 22. Ng5 Nc6 23. e6 f6 24. Nf3 Nd8 25. Bb1 a5 26. Be4 Ra6 27. Rad1 Kh8 28. Ba7 Rxa7 29. Rxd8+ Qxd8 30. Qxa7 Bxe6 31. Bc6 Bg8 32. Rxe7 Qd6 33. axb5 Bf8 34. Rd7 Qf4 35. Qd4 Qc1+ 36. Kg2 Bg7 37. Rd8 1-0

[Event "26th OIBM 2023"]
[Site "Gmund am Tegernsee"]
[Date "2023.11.03"]
[Round "7.25"]
[White "Reimann, Sebastian"]
[Black "Sieglen, Joachim"]
[Result "1-0"]
[ECO "C15"]
[WhiteElo "2342"]
[BlackElo "2110"]
[Annotator "RC"]
[PlyCount "98"]
[EventDate "2023.10.04"]
[EventType "swiss"]
[EventCountry "GER"]
[SourceTitle "playchess.com"]
[Source "ChessBase"]
[SourceQuality "1"]
[TimeControl "40/5400+30:1800+30"]

1. e4 e6 2. d4 d5 3. Nc3 Bb4 4. Nge2 Nc6 5. exd5 exd5 6. a3 Ba5 7. b4 Bb6 8. Na4 Qe7 9. c3 Nf6 10. f3 h6 11. Kf2 O-O 12. Ng3 Qd6 13. Nxb6 axb6 14. Qd2 Ne7 15. a4 Be6 16. Bd3 Qd7 17. Bc2 Rfc8 18. Qd3 Ng6 19. Be3 Ne8 20. Nh5 Nd6 21. Bxh6 Bf5 22. Qd2 Bxc2 23. Qxc2 Qf5 24. Qxf5 Nxf5 25. Bd2 Ra7 26. Nf4 c6 27. Rhe1 Rca8 28. Nxg6 fxg6 29. g4 Nd6 30. Bf4 Nc4 31. Re7 Rf8 32. Kg3 Rf7 33. Re8+ Rf8 34. Rae1 Rxa4 35. R1e7 Ra3 36. Rxf8+ Kxf8 37. Rxb7 Rxc3 38. Rc7 Rd3 39. Rxc6 Rxd4 40. Rxg6 Rd3 41. Rc6 Kf7 42. h4 Rc3 43. Rc7+ Kf6 44. g5+ Ke6 45. Rxg7 d4 46. h5 d3 47. h6 d2 48. Bxd2 Nxd2 49. h7 Kd5 1-0

[Event "26th OIBM 2023"]
[Site "Gmund am Tegernsee"]
[Date "2023.11.03"]
[Round "7.26"]
[White "Zude, Arno"]
[Black "Ernst, Robert"]
[Result "1/2-1/2"]
[ECO "B48"]
[WhiteElo "2333"]
[BlackElo "2093"]
[Annotator "RC"]
[PlyCount "72"]
[EventDate "2023.10.04"]
[EventType "swiss"]
[EventCountry "GER"]
[SourceTitle "playchess.com"]
[Source "ChessBase"]
[SourceQuality "1"]
[TimeControl "40/5400+30:1800+30"]

1. e4 c5 2. Nf3 e6 3. d4 cxd4 4. Nxd4 Nc6 5. Nc3 Qc7 6. Be3 a6 7. Qd2 Nf6 8. O-O-O Be7 9. f3 b5 10. Nxc6 dxc6 11. g4 O-O 12. Qf2 e5 13. h4 Rd8 14. Rxd8+ Qxd8 15. Bh3 Ne8 16. Rd1 Qc7 17. Qg3 Be6 18. g5 Bxh3 19. Qxh3 Nd6 20. Bc5 Rd8 21. Qg3 Nc4 22. Qf2 f6 23. gxf6 Rxd1+ 24. Nxd1 Bxc5 25. Qxc5 Qd8 26. Qf2 Qxf6 27. c3 Kf7 28. b3 Nd6 29. Qg3 Qf4+ 30. Qxf4+ exf4 31. Nf2 Kg6 32. Nh3 Kh5 33. Nxf4+ Kxh4 34. Kd2 g5 35. Ne2 g4 36. Ke3 gxf3 1/2-1/2

[Event "26th OIBM 2023"]
[Site "Gmund am Tegernsee"]
[Date "2023.11.03"]
[Round "7.27"]
[White "Mai, Philipp"]
[Black "Hofmann, Lorenz"]
[Result "1-0"]
[ECO "C42"]
[WhiteElo "2313"]
[BlackElo "2091"]
[Annotator "RC"]
[PlyCount "113"]
[EventDate "2023.10.04"]
[EventType "swiss"]
[EventCountry "GER"]
[SourceTitle "playchess.com"]
[Source "ChessBase"]
[SourceQuality "1"]
[TimeControl "40/5400+30:1800+30"]

1. e4 e5 2. Nf3 Nf6 3. Nxe5 d6 4. Nf3 Nxe4 5. Bd3 Nf6 6. h3 d5 7. O-O Be7 8. c3 h6 9. Bc2 Nc6 10. d4 O-O 11. Bf4 Ne4 12. Nbd2 f5 13. Ne5 Nxe5 14. Bxe5 Bd6 15. Bxd6 Qxd6 16. Re1 Ng5 17. Nf3 Bd7 18. Nxg5 hxg5 19. Qh5 Qf6 20. Re5 g6 21. Qf3 c6 22. Rae1 Rae8 23. Qe3 f4 24. Qe2 Kf7 25. f3 Re6 26. c4 Rxe5 27. dxe5 Qe6 28. Bb3 Rd8 29. Rd1 Bc8 30. cxd5 cxd5 31. Rxd5 Rxd5 32. Qe4 Qb6+ 33. Kh2 Ke7 34. Bxd5 Bf5 35. Qa4 Qxb2 36. Qxa7 Qxe5 37. Qxb7+ Kd6 38. Qc6+ Ke7 39. Qc5+ Kd8 40. a4 Qe1 41. Bc4 Qg3+ 42. Kg1 Bxh3 43. Qf8+ Kd7 44. Qg7+ Kc6 45. Qxg6+ Kc5 46. Bf1 Kb4 47. Qe4+ Ka5 48. Qc4 Kb6 49. Qb5+ Kc7 50. Qe5+ Kb6 51. a5+ Ka7 52. Qg7+ Kb8 53. a6 Bc8 54. a7+ Ka8 55. Qc7 Qxg2+ 56. Bxg2 Bb7 57. Qb8# 1-0

[Event "26th OIBM 2023"]
[Site "Gmund am Tegernsee"]
[Date "2023.11.03"]
[Round "7.28"]
[White "Willim, Michael"]
[Black "Schuster, Karsten"]
[Result "1/2-1/2"]
[ECO "D45"]
[WhiteElo "2138"]
[BlackElo "2309"]
[Annotator "RC"]
[PlyCount "90"]
[EventDate "2023.10.04"]
[EventType "swiss"]
[EventCountry "GER"]
[SourceTitle "playchess.com"]
[Source "ChessBase"]
[SourceQuality "1"]
[TimeControl "40/5400+30:1800+30"]

1. c4 c6 2. Nc3 d5 3. e3 Nf6 4. Nf3 e6 5. d4 Nbd7 6. Be2 Bd6 7. O-O O-O 8. b3 b6 9. Bb2 Bb7 10. Rc1 Qe7 11. Re1 Rac8 12. Bd3 c5 13. cxd5 exd5 14. Ne2 Ne4 15. Ng3 f5 16. Qe2 Rce8 17. Bb5 Rd8 18. Red1 g6 19. Bxd7 Rxd7 20. Ne5 Rc7 21. f4 Nxg3 22. hxg3 Bxe5 23. dxe5 Qe6 24. b4 Rfc8 25. Qd2 h5 26. bxc5 bxc5 27. Qa5 Qb6 28. Qxb6 axb6 29. Rb1 Ra8 30. a3 Bc6 31. Rdc1 Kf7 32. Kh2 Ra6 33. Rc3 Ke6 34. Bc1 Rb7 35. Kh3 Ra4 36. Rcb3 b5 37. Rc3 Rc4 38. Rcb3 Ra7 39. Kh4 Raa4 40. Kg5 Be8 41. R3b2 Rc3 42. Rb3 Rc2 43. R3b2 Rac4 44. Bd2 Rxb2 45. Rxb2 Ra4 1/2-1/2

[Event "26th OIBM 2023"]
[Site "Gmund am Tegernsee"]
[Date "2023.11.03"]
[Round "7.29"]
[White "Linster, Philippe"]
[Black "Restorff, Felix"]
[Result "1-0"]
[ECO "E04"]
[WhiteElo "2303"]
[BlackElo "2087"]
[Annotator "RC"]
[PlyCount "49"]
[EventDate "2023.10.04"]
[EventType "swiss"]
[EventCountry "GER"]
[SourceTitle "playchess.com"]
[Source "ChessBase"]
[SourceQuality "1"]
[TimeControl "40/5400+30:1800+30"]

1. d4 d5 2. c4 e6 3. Nf3 Nf6 4. g3 dxc4 5. Bg2 c5 6. O-O Nc6 7. Qa4 Bd7 8. Qxc4 b5 9. Qc3 b4 10. Qd3 Rc8 11. dxc5 Bxc5 12. Bg5 h6 13. Bxf6 Qxf6 14. Nbd2 Ne5 15. Nxe5 Qxe5 16. Rfd1 Qb8 17. Nb3 Bb5 18. Qe4 Be7 19. Nd4 Qb6 20. Qe5 Bc5 21. Qxg7 Ke7 22. e3 Bd6 23. Qg4 a5 24. Qh4+ f6 25. Qg4 1-0

[Event "26th OIBM 2023"]
[Site "Gmund am Tegernsee"]
[Date "2023.11.03"]
[Round "7.30"]
[White "Heigermoser, Robert"]
[Black "Schneider, Jana"]
[Result "0-1"]
[ECO "C77"]
[WhiteElo "2133"]
[BlackElo "2285"]
[Annotator "RC"]
[PlyCount "132"]
[EventDate "2023.10.04"]
[EventType "swiss"]
[EventCountry "GER"]
[SourceTitle "playchess.com"]
[Source "ChessBase"]
[SourceQuality "1"]
[TimeControl "40/5400+30:1800+30"]

1. e4 e5 2. Nf3 Nc6 3. Bb5 a6 4. Ba4 Nf6 5. d3 d6 6. c4 g6 7. h3 Bg7 8. O-O O-O 9. Nc3 Nd7 10. Bg5 f6 11. Be3 Nc5 12. Bxc6 bxc6 13. Bxc5 dxc5 14. Qd2 Qd6 15. Qe3 Rd8 16. Rad1 Be6 17. Na4 Bf8 18. b3 Rd7 19. Nh2 Re8 20. Ng4 Qe7 21. Qf3 Bg7 22. Qe3 Bf8 23. Qf3 Bg7 24. Qe3 Rd4 25. Nh2 Bf8 26. Nf3 Rd7 27. Rfe1 Red8 28. Re2 h5 29. Nh4 Kh7 30. Qg3 Qf7 31. Qe3 Rd4 32. Rc2 Qd7 33. Rc3 Qe7 34. Nf3 Bh6 35. Qe2 R4d7 36. Kh2 Bf7 37. g3 Be6 38. Kg2 Re8 39. Rc2 Red8 40. Rc3 Rg8 41. Rc2 Rdd8 42. Qe1 Bc8 43. Qa5 Bf8 44. a3 f5 45. h4 Kh8 46. Ng5 Rd4 47. Re2 f4 48. gxf4 exf4 49. f3 Rg7 50. Rb2 Qe5 51. Kh2 Be7 52. Rg2 Bxg5 53. Rxg5 Qe6 54. Qxc5 Qh3+ 55. Kg1 Qxh4 56. Rg2 Qd8 57. Qxc6 Bh3 58. Rh2 Qh4 59. e5 Rxd3 60. Rb1 Rxb3 61. Rd1 Qg3+ 62. Kh1 Rd3 63. Rg1 Qxf3+ 64. Qxf3 Rxf3 65. Nc5 Rxa3 66. e6 Re3 0-1

[Event "26th OIBM 2023"]
[Site "Gmund am Tegernsee"]
[Date "2023.11.03"]
[Round "7.31"]
[White "Bracker, Arne"]
[Black "Casadio, Niccolo`"]
[Result "1-0"]
[ECO "C18"]
[WhiteElo "2279"]
[BlackElo "2082"]
[Annotator "RC"]
[PlyCount "95"]
[EventDate "2023.10.04"]
[EventType "swiss"]
[EventCountry "GER"]
[SourceTitle "playchess.com"]
[Source "ChessBase"]
[SourceQuality "1"]
[TimeControl "40/5400+30:1800+30"]

1. e4 e6 2. d4 d5 3. Nc3 Bb4 4. e5 c5 5. a3 Bxc3+ 6. bxc3 Qc7 7. Qg4 Ne7 8. Bd3 c4 9. Be2 Qa5 10. Bd2 Nf5 11. h4 Qa4 12. h5 h6 13. Kd1 Nc6 14. Nf3 Bd7 15. Nh4 Nce7 16. Nxf5 Nxf5 17. Qf4 Rf8 18. g4 Ne7 19. Be3 O-O-O 20. Kd2 f6 21. exf6 Rxf6 22. Qd6 Nc6 23. g5 hxg5 24. Bxg5 Rxf2 25. Raf1 Rxe2+ 26. Kxe2 Qxc2+ 27. Kf3 Qxc3+ 28. Kg2 Qxd4 29. Bxd8 Qg4+ 30. Qg3 Qxg3+ 31. Kxg3 Kxd8 32. Rf7 Nd4 33. Rxg7 Nf5+ 34. Kf2 Kc7 35. h6 Nxh6 36. Rxh6 Kd6 37. Ke3 a5 38. Kd4 Bc6 39. Rgg6 Bd7 40. a4 b6 41. Rf6 Bc8 42. Rf8 Bd7 43. Rb8 Kc7 44. Rh7 Kxb8 45. Rxd7 b5 46. axb5 a4 47. Rd6 a3 48. Rxe6 1-0

[Event "26th OIBM 2023"]
[Site "Gmund am Tegernsee"]
[Date "2023.11.03"]
[Round "7.32"]
[White "Schnepp, Gunnar"]
[Black "Barthel, Ansgar"]
[Result "1/2-1/2"]
[ECO "A43"]
[WhiteElo "2278"]
[BlackElo "2056"]
[Annotator "RC"]
[PlyCount "51"]
[EventDate "2023.10.04"]
[EventType "swiss"]
[EventCountry "GER"]
[SourceTitle "playchess.com"]
[Source "ChessBase"]
[SourceQuality "1"]
[TimeControl "40/5400+30:1800+30"]

1. d4 c5 2. d5 d6 3. c4 g6 4. e4 Bg7 5. h3 e6 6. Nf3 Ne7 7. Be2 h6 8. O-O exd5 9. cxd5 O-O 10. Nc3 a6 11. Bf4 g5 12. Bh2 Ng6 13. a4 Qe7 14. Qc2 f5 15. exf5 Bxf5 16. Bd3 Bxd3 17. Qxd3 Nf4 18. Bxf4 Rxf4 19. Rae1 Qf8 20. Qe3 Rxf3 21. gxf3 Be5 22. Qe4 Nd7 23. Qg6+ Qg7 24. Qe6+ Kh8 25. Ne4 Nf8 26. Qg4 1/2-1/2

[Event "26th OIBM 2023"]
[Site "Gmund am Tegernsee"]
[Date "2023.11.03"]
[Round "7.33"]
[White "Schaffarczyk, Andre"]
[Black "Maier, Alexander"]
[Result "0-1"]
[ECO "B01"]
[WhiteElo "2118"]
[BlackElo "2277"]
[Annotator "RC"]
[PlyCount "102"]
[EventDate "2023.10.04"]
[EventType "swiss"]
[EventCountry "GER"]
[SourceTitle "playchess.com"]
[Source "ChessBase"]
[SourceQuality "1"]
[TimeControl "40/5400+30:1800+30"]

1. e4 d5 2. exd5 Nf6 3. d4 Bg4 4. f3 Bf5 5. Bb5+ c6 6. dxc6 Nxc6 7. Nc3 Qb6 8. Be3 O-O-O 9. Bxc6 bxc6 10. Qc1 e6 11. Nge2 c5 12. dxc5 Bxc5 13. Kf2 Bxc2 14. Bxc5 Qxc5+ 15. Qe3 Qxe3+ 16. Kxe3 Rd3+ 17. Kf2 Rd2 18. Rac1 Kb7 19. Nb1 Bxb1 20. Rxb1 Rc8 21. Rhd1 Rxd1 22. Rxd1 Rc2 23. Rb1 Nd5 24. Ke1 Ne3 25. g3 Nc4 26. Kd1 Rxb2 27. Rxb2+ Nxb2+ 28. Kc2 Nc4 29. Kd3 Nd6 30. Kd4 Kc6 31. g4 f6 32. f4 g5 33. fxg5 e5+ 34. Kd3 fxg5 35. Ng3 Kd5 36. Nh5 e4+ 37. Ke3 Ke5 38. h3 Nc4+ 39. Ke2 a5 40. Ng7 a4 41. Ne8 Nb6 42. Nc7 h6 43. Nb5 Kf4 44. Nc3 Ke5 45. Nb5 Nd5 46. a3 Kf4 47. Nd6 e3 48. Nc4 Kg3 49. Nb2 Kxh3 50. Kf3 Nc3 51. Kxe3 Kxg4 0-1

[Event "26th OIBM 2023"]
[Site "Gmund am Tegernsee"]
[Date "2023.11.03"]
[Round "7.34"]
[White "Bettalli, Francesco"]
[Black "Litzka, Richard"]
[Result "1/2-1/2"]
[ECO "B01"]
[WhiteElo "2274"]
[BlackElo "2036"]
[Annotator "RC"]
[PlyCount "70"]
[EventDate "2023.10.04"]
[EventType "swiss"]
[EventCountry "GER"]
[SourceTitle "playchess.com"]
[Source "ChessBase"]
[SourceQuality "1"]
[TimeControl "40/5400+30:1800+30"]

1. e4 d5 2. exd5 Qxd5 3. Nf3 Bg4 4. Be2 Nc6 5. h3 Bxf3 6. Bxf3 Qe6+ 7. Qe2 Nd4 8. Qxe6 Nxf3+ 9. gxf3 fxe6 10. d3 g6 11. Nc3 Nh6 12. Bxh6 Bxh6 13. Ne4 O-O-O 14. Ke2 Rhf8 15. h4 Rd5 16. h5 gxh5 17. Rag1 Rdf5 18. Rh3 b6 19. Rgh1 Bg7 20. b4 a5 21. a3 Bb2 22. Rxh5 Bxa3 23. bxa5 bxa5 24. Rxh7 Kd7 25. Rh8 Bb4 26. Rxf8 Rxf8 27. Ra1 Ra8 28. c3 Bd6 29. Kd2 Kc6 30. Kc2 a4 31. Nd2 a3 32. Nc4 Rf8 33. Kd2 Ra8 34. Kc2 Rf8 35. Kd2 Ra8 1/2-1/2